AoeStats
← jake

Arabia

509825993Analyzed
1v1 RM · 3d ago on Sep 28, 2026· 65m 6s· 2 players
Game mode
Random Map
Map size
Tiny (2 player)
Population
200
Speed
Normal
Resources
Standard
Victory
Conquest
Starting age
Dark Age
Ending age
Imperial Age
RankedLock teamsTeams togetherTeam positionsShared explorationLock speedFull tech treeHidden civsTurbo modeCheats
Victory
Defeat
🇦🇺 Koreans · Australia
1036
+17
🇨🇴 Mongols · Colombia
1060
-17
jake
8:44 Loom
10:29 Feudal Age
14:16 Double-Bit Axe
15:51 Fletching
23:45 Castle Age
22:40 Scale Mail Armor
23:55 Crossbowman
24:57 Pikeman
29:38 Horse Collar
30:13 Squires
37:39 Chain Mail Armor
37:44 Bodkin Arrow
38:50 Town Watch
41:26 Town Patrol
44:14 Imperial Age
45:47 Plate Mail Armor
46:33 Bracer
50:51 Conscription
51:26 Bow Saw
51:32 Husbandry
52:39 Wheelbarrow
51:52 Arrowslits
53:09 Chemistry
55:36 Eupseong
56:01 Elite Skirmisher
57:19 Forging
58:41 Iron Casting
58:30 Ballistics
61:35 Halberdier
63:05 Elite Fire Lancer
66:28 Two-Man Saw
LRNI_Thegar
6:18 Loom
8:56 Feudal Age
10:28 Double-Bit Axe
10:43 Horse Collar
15:15 Wheelbarrow
16:18 Wheelbarrow
19:44 Castle Age
17:55 Scale Barding Armor
18:08 Forging
21:06 Bloodlines
20:57 Husbandry
22:53 Chain Barding Armor
23:10 Iron Casting
23:41 Gold Mining
37:31 Bow Saw
41:19 Imperial Age
38:38 Town Watch
39:11 Hand Cart
40:42 Heavy Plow
40:45 Fletching
40:55 Padded Archer Armor
43:19 Ballistics
43:59 Chemistry
42:58 Bodkin Arrow
43:19 Leather Archer Armor
46:26 Conscription
45:33 Elite Mangudai
46:53 Bracer
47:05 Thumb Ring
50:29 Light Cavalry
51:46 Hussar
Connection lost

Rejoining the realm…

Still unreachable

The connection could not be restored.

Session expired

The server has moved on; the page needs a fresh start.